[Event "Early-Titled-Tuesday-Blitz-February-06-2024"]
[Site "Chess.com"]
[Date "2024.02.06"]
[Round "2"]
[White "Ginger_GM"]
[Black "disciplinedbrat"]
[Result "1-0"]
[WhiteElo "2685"]
[BlackElo "2289"]
[TimeControl "180+1"]
[EndTime "8:18:00 PST"]
[Termination "Ginger_GM won on time"]

1. f4 e5 2. e4 d5 3. exd5 exf4 4. Nf3 Nf6 5. Bc4 Bg4 6. O-O Be7 7. Nc3 O-O 8. d4 c6 9. Bxf4 cxd5 10. Bb3 Nc6 11.
Qd3 Rc8 12. Ne5 Nxd4 13. Nxg4 Nxg4 14. Bxd5 Qb6 15. Kh1 Qxb2 16. Bd2 Qxa1 17. Ne4 Qb2 18. Qg3 h5 19. h3 Ne2 20. Qf3 Nd4 21. Bxf7+ Kh8 22. Qf4 Rxf7 23. Qxf7 Rf8 24. Qxh5+ Kg8 25. Rxf8+ Kxf8 26. Qxg4 Qxc2 27. Qf4+ Kg8 28. Ng3 Qd1+ 29. Kh2 Ne6 30. Qe3 Kf8 31. Qxe6 Qxd2 32. Qf5+ Ke8 33. Ne4 Qd4 34. Qc8+ Kf7 35. Qf5+ Ke8 36. Qg6+ Kd8 37. Qe6 Qd7 38. Qg8+ Kc7 39. Qc4+ Qc6 40.
Qd4 Bd6+ 41. Kg1 Qc1+ 42. Kf2 Qc2+ 43. Kf3 1-0

[Event "Early-Titled-Tuesday-Blitz-February-06-2024"]
[Site "Chess.com"]
[Date "2024.02.06"]
[Round "2"]
[White "BestestBP"]
[Black "SHIVACalypso"]
[Result "0-1"]
[WhiteElo "2271"]
[BlackElo "2499"]
[TimeControl "180+1"]
[EndTime "8:18:00 PST"]
[Termination "SHIVACalypso won on time"]

1. e4 d6 2. d4 g6 3. Nf3 Bg7 4.
c4 Nd7 5. Nc3 e5 6. Be2 Ngf6 7.
O-O O-O 8. Be3 Ng4 9. Bg5 f6 10. Bh4 Nh6 11. Qd2 g5 12. Bg3 g4 13. Nh4 exd4 14.
Qxd4 f5 15. Qd5+ Kh8 16. Nxf5 Nb6 17. Qd2 Nxf5 18. exf5 Bxf5 19. Rad1 Qe8 20. c5 dxc5 21. Bxc7 Qg6 22. Qd6 Rac8 23. Bxb6 axb6 24. Qxg6 hxg6 25.
Nd5 Bxb2 26. Nxb6 Rce8 27. Bc4 Bd4 28. Bd5 Re2 29. Bc4 Rb2 30. Na4 Rb4 31. Bb3 Bd7 32.
Nb2 Bb5 33. Nd3 Bxd3 34. Rxd3 Rb6 35. Rg3 Rbf6 36. Rxg4 Kg7 37. h3 Bxf2+ 38. Kh2 Rd8 39. Rc1 Rd2 40. Rc2 Rd3 41. h4 Kh6 42. h5 gxh5 43.
Rgc4 Bg3+ 44. Kh3 Bd6+ 45. Kh4 Rf1 46. g4 Rh1+ 0-1

[Event "Early-Titled-Tuesday-Blitz-February-06-2024"]
[Site "Chess.com"]
[Date "2024.02.06"]
[Round "2"]
[White "gmcorrales"]
[Black "Perecke"]
[Result "1/2-1/2"]
[WhiteElo "2861"]
[BlackElo "2598"]
[TimeControl "180+1"]
[EndTime "8:18:01 PST"]
[Termination "Game drawn by repetition"]

1. e4 c5 2. Nf3 e6 3. d4 cxd4 4. Nxd4 Nc6 5. Nc3 Qc7 6. a3 a6 7.
Nxc6 bxc6 8. Be2 d5 9. Qd3 Nf6 10. b3 Bd6 11. Bb2 O-O 12. g3 Be5 13. f4 dxe4 14. Qe3 Bxc3+ 15. Qxc3 c5 16. O-O-O Bb7 17.
Qe5 Qxe5 18. Bxe5 Rfd8 19. c4 e3 20. Rxd8+ Rxd8 21. Rd1 Rxd1+ 22. Kxd1 Ne4 23. Kc2 f6 24. Bb8 Kf7 25. Kd3 Nd2 26. b4 cxb4 27. axb4 a5 28. bxa5 Nxc4 29. Kxc4 Ba6+ 30. Kd4 Bxe2 31. Kxe3 Bf1 32.
Kd4 Ke7 33. Kc5 Kd7 34. Kb6 g5 35. fxg5 fxg5 36. Be5 Bg2 37. a6 h5 38. Bf6 g4 39.
Be5 Bd5 40. Bf4 Be4 41. Kc5 Bd5 42. Kd4 Kc6 43. a7 Kb7 44. Bb8 Bc6 45. Ke5 Bd7 46.
Kd6 Bc8 47. Ke5 Bd7 48. Kf6 Ka8 49. Kg5 Be8 50. Kf6 Bd7 51. Kf7 Kb7 52. Ke7 Bc8 53. Kd8 e5 54. Bxe5 Bf5 55. Bd4 Bg6 56. Ke7 Ka8 57.
Kf8 Kb7 58. Kg7 Be8 59. Be3 Ka8 60. Kf6 Kb7 61. Ke7 Bg6 62. Bf2 Ka8 63. Kd8 Kb7 64. Kd7 Ka8 65. Kc7 Bf7 66. Kb6 Bg6 67. Be3 Bf7 68.
Bc5 Bg6 69. Kc6 Bf7 70. Kd6 Bg6 71. Ke6 Be8 72. Kf6 Kb7 73. Bd4 Ka8 74. Kg7 Kb7 75. Kf8 Bg6 76. Ke7 Ka8 77. Kf6 Be8 78. Kg7 Kb7 1/2-1/2

[Event "Early-Titled-Tuesday-Blitz-February-06-2024"]
[Site "Chess.com"]
[Date "2024.02.06"]
[Round "2"]
[White "ama18"]
[Black "Abund"]
[Result "0-1"]
[WhiteElo "2539"]
[BlackElo "2752"]
[TimeControl "180+1"]
[EndTime "8:18:01 PST"]
[Termination "Abund won by resignation"]

1. Nf3 Nf6 2. g3 b5 3. Na3 a6 4.
c4 e6 5. cxb5 Bxa3 6. bxa3 axb5 7.
Bg2 Bb7 8. O-O O-O 9. Qb3 Bc6 10. Bb2 Na6 11. Bd4 Qe7 12. Rfc1 Rfb8 13. Qb2 h6 14.
Rxc6 dxc6 15. Ne5 c5 16. Nc6 Qd6 17. Bxf6 gxf6 18. Qxf6 Re8 19. Ne5 Qf8 20. Bxa8 Rxa8 21. Rc1 Qg7 22. Qf3 Rd8 23. Ng4 f5 24. Ne3 Rd6 25. Qb7 Rb6 26. Qc8+ Kh7 27. Ng2 Qb2 28. Rf1 Qxd2 29. Nf4 Qd6 30. Qe8 e5 31. Qf7+ Kh8 32. Nh5 Qg6 33. Qf8+ Kh7 34. Nf4 exf4 35. Qe7+ Qg7 36.
Qe8 Qg6 37. Qe7+ Qg7 38. Qe8 c4 39. Rd1 Rd6 40. Rb1 c6 41. a4 c3 42. Qc8 Qd7 43. Qxa6 c2 44. Rb4 c1=Q+ 45. Kg2 Qc5 46. Rxf4 Qca7 0-1

[Event "Early-Titled-Tuesday-Blitz-February-06-2024"]
[Site "Chess.com"]
[Date "2024.02.06"]
[Round "2"]
[White "ImportedItalianMaple"]
[Black "matagordo"]
[Result "1-0"]
[WhiteElo "2474"]
[BlackElo "2234"]
[TimeControl "180+1"]
[EndTime "8:18:01 PST"]
[Termination "ImportedItalianMaple won on time"]

1. Nf3 Nf6 2. b3 b6 3. Bb2 Bb7 4. g3 d6 5. Bg2 Nbd7 6. d4 g6 7.
O-O Bg7 8. c4 O-O 9. Nc3 Re8 10.
Qc2 e5 11. e4 a6 12. Rad1 Qe7 13. Rfe1 Rad8 14. dxe5 dxe5 15. Nd5 Nxd5 16. cxd5 Qc5 17. Qd2 Bc8 18. Rc1 Qf8 19. Rxc7 Nc5 20. Qe2 Qd6 21. Rxc8 Rxc8 22. Ba3 Qd7 23. h4 Nb7 24. h5 Qb5 25. Qd2 Nc5 26. Bh3 Rc7 27. d6 Ra7 28. h6 Bf8 29. Bxc5 Qxc5 30. d7 Rd8 31. Rc1 Qe7 32. Rc8 Raxd7 33. Bxd7 Rxd7 34. Qc3 f6 35. Qc4+ Qf7 36. Qxa6 Rd1+ 37. Kg2 Rd7 38. Qxb6 Qe7 39. Qc6 Rd6 40. Qc4+ Qf7 41. Qxf7+ Kxf7 42. Rc7+ Be7 43. Rb7 Ke6 44. a4 Rd1 45. b4 f5 46. exf5+ gxf5 47. a5 e4 48. Rb6+ Kd5 49. Nh4 Bg5 50. Nxf5 Rb1 51. Rb5+ 1-0

[Event "Early-Titled-Tuesday-Blitz-February-06-2024"]
[Site "Chess.com"]
[Date "2024.02.06"]
[Round "2"]
[White "HelvertHernandez"]
[Black "Kotofeyca"]
[Result "0-1"]
[WhiteElo "1925"]
[BlackElo "2408"]
[TimeControl "180+1"]
[EndTime "8:18:01 PST"]
[Termination "Kotofeyca won on time"]

1. e4 c5 2. Nf3 d6 3. d4 cxd4 4. Nxd4 Nf6 5. Nc3 a6 6. Be3 Ng4 7. Bc1 Nc6 8. f3 Qb6 9. fxg4 Qxd4 10. Qxd4 Nxd4 11. Bd3 Bxg4 12. Be3 Ne6 13. O-O Rc8 14. Nd5 Nc5 15. Rac1 e6 16. Bxc5 Rxc5 17. Ne3 Bh5 18. c4 Be7 19. b4 Rc7 20. a3 Kd7 21. h3 Rhc8 22. g4 Bg6 23. Ng2 b5 24. h4 bxc4 25. Bb1 f6 26. h5 Bf7 27. Nf4 c3 28. Kg2 c2 29. Ba2 g5 30. hxg6 hxg6 31. Rh1 g5 32.
Rh7 Rf8 33. Nd3 Bg6 34. Rh3 Bxe4+ 35. Kf2 Rc3 36. Nf4 gxf4 37. Rxc3 Rh8 38. Bb3 Rh2+ 39. Kg1 Rh1+ 40. Kf2 Rxc1 41. Ke2 d5 42. Kd2 Ra1 43. Bxc2 Ra2 44. Kc1 Rxc2+ 45. Rxc2 Bxc2 46. Kxc2 e5 47. Kd3 Kc6 48. Kc3 f3 49. Kd3 e4+ 50. Ke3 Bd6 51. Kf2 Bf4 52. Kf1 Kb5 53. Ke1 e3 54. Kf1 Bg3 55.
Kg1 e2 0-1

[Event "Early-Titled-Tuesday-Blitz-February-06-2024"]
[Site "Chess.com"]
[Date "2024.02.06"]
[Round "2"]
[White "GrotBchess"]
[Black "Kildepiotr"]
[Result "0-1"]
[WhiteElo "2364"]
[BlackElo "2689"]
[TimeControl "180+1"]
[EndTime "8:18:02 PST"]
[Termination "Kildepiotr won on time"]

1. e4 g6 2. d4 Bg7 3. Be3 c6 4. c3 d6 5. Qd2 Nd7 6. Nf3 e5 7. Be2 Ngf6 8. Qc2 O-O 9. O-O Re8 10. Nbd2 Qc7 11. Rad1 Ng4 12. Bg5 h6 13. Bh4 b5 14. h3 Ngf6 15. dxe5 dxe5 16. Bg3 Nh5 17.
Bh2 Nf4 18. Bxf4 exf4 19. Rfe1 a5 20. a4 Rb8 21. Bf1 Nc5 22. axb5 cxb5 23. b4 Na4 24. bxa5 Qxa5 25. c4 b4 26. Nb3 Qc7 27. Nfd4 Nc3 28. Rd2 Bb7 29. Nb5 Qe5 30. Nd6 Re7 31. Nxb7 Rbxb7 32. Bd3 f3 33. g3 Qh5 34. Bf1 Rbd7 35. c5 Rc7 36. Rd8+ Kh7 37. Qd3 Ra7 38. Nd2 Ra2 39. Nxf3 Qxc5 40. Re3 Nxe4 41. Be2 Nc3 42. Bf1 Rxe3 43.
fxe3 Qc7 44. Bg2 Qxg3 45. Nd2 Qe1+ 46. Kh2 Ne2 0-1

[Event "Early-Titled-Tuesday-Blitz-February-06-2024"]
[Site "Chess.com"]
[Date "2024.02.06"]
[Round "2"]
[White "BashirliSaadat"]
[Black "brm72"]
[Result "0-1"]
[WhiteElo "2367"]
[BlackElo "2676"]
[TimeControl "180+1"]
[EndTime "8:18:02 PST"]
[Termination "brm72 won on time"]

1. d4 Nf6 2. e3 e6 3. Bd3 d5 4. f4 c5 5. c3 b6 6. Nf3 Bd6 7. O-O O-O 8. Ne5 Ne4 9. Nd2 f5 10. Qe1 Bd7 11. Rf3 Bxe5 12. fxe5 Be8 13. Bxe4 dxe4 14.
Rf1 g5 15. a4 Nc6 16. Nc4 Bg6 17. Nd6 Ne7 18. Bd2 Nc8 19. Nc4 Qe7 20. Qe2 Qg7 21. b4 cxd4 22. cxd4 Ne7 23. Nd6 Nd5 24. Rac1 h5 25.
Rc2 Rad8 26. Rc6 Qh7 27. g3 h4 28. Kg2 h3+ 29. Kg1 Bh5 30. Qe1 Bf3 31. Nc4 f4 32. Rxe6 Bg2 33. exf4 Bxf1 34. Qxf1 gxf4 35. gxf4 Qf5 36.
Rh6 Rf7 37. Rxh3 Rg7+ 38. Rg3 Rxg3+ 39. hxg3 Qg4 40. Kg2 Rc8 41. Nd6 Rc2 42. Qe1 e3 0-1

[Event "Early-Titled-Tuesday-Blitz-February-06-2024"]
[Site "Chess.com"]
[Date "2024.02.06"]
[Round "2"]
[White "Ditman2007"]
[Black "BogdanDeac"]
[Result "1-0"]
[WhiteElo "2666"]
[BlackElo "3019"]
[TimeControl "180+1"]
[EndTime "8:18:03 PST"]
[Termination "Ditman2007 won on time"]

1. e4 c6 2. d4 d5 3. e5 Bf5 4. c4 e6 5. Nc3 dxc4 6. Bxc4 Nd7 7. Nge2 Nb6 8. Bb3 Ne7 9. O-O Bg6 10. a4 a5 11. Be3 Nf5 12. Ng3 Nh4 13. f4 Be7 14. Bf2 h5 15. Bc2 Bxc2 16. Qxc2 g6 17. Nge4 Nf5 18.
Rad1 Nd5 19. Nc5 b6 20. Nd3 Nb4 21. Qd2 Qd7 22. Ne4 Qd5 23. Rfe1 O-O 24. h3 h4 25. Qe2 Rfd8 26. Qg4 Kg7 27. Nf6 Bxf6 28. exf6+ Kxf6 29. Re5 Qb3 30. Nxb4 axb4 31. Bxh4+ Nxh4 32. Qxh4+ Kg7 33. Rd2 Qxa4 34. Kh2 Qa1 35. Rf2 Rd5 36. Qe7 Rf8 37. Rxe6 Rf5 38. Ree2 Qd1 39. Qe4 Qc1 40. Rc2 Qd1 41. Rxc6 Rd8 42. Rc4 b3 43. Rc3 Rfd5 44.
Rd3 Qb1 45. f5 R8d7 46. f6+ Kg8 47. Qe8+ 1-0

[Event "Early-Titled-Tuesday-Blitz-February-06-2024"]
[Site "Chess.com"]
[Date "2024.02.06"]
[Round "2"]
[White "Timerkhanov"]
[Black "GHANDEEVAM2003"]
[Result "0-1"]
[WhiteElo "2647"]
[BlackElo "3015"]
[TimeControl "180+1"]
[EndTime "8:18:03 PST"]
[Termination "GHANDEEVAM2003 won by resignation"]

1. d4 e6 2. Nf3 c5 3. g3 cxd4 4. Nxd4 Nf6 5. Bg2 Bb4+ 6. c3 Ba5 7. O-O O-O 8. c4 Nc6 9. b3 d5 10. cxd5 Nxd4 11. Qxd4 Bb6 12. Qh4 Nxd5 13. Qxd8 Rxd8 14. Bb2 Bd7 15. Bxd5 exd5 16. e3 Bh3 17. Rd1 Rac8 18.
Nc3 d4 19. Na4 dxe3 20. Nxb6 exf2+ 21. Kxf2 axb6 22. Rxd8+ Rxd8 23. Ke3 h5 24. Rc1 Re8+ 25. Kf2 b5 26. b4 Bg4 27. Rc2 f6 28. Bd4 Re4 29.
Bc5 Kh7 30. a3 g5 31. Be3 Kg6 32. Rc5 Bd7 33. Rd5 Bc6 34. Rd6 Re5 35. Bd4 Rf5+ 36. Ke3 Rf3+ 37. Ke2 g4 38. Be3 Kf5 39. Rd8 Ke4 40.
Rd4+ Ke5 41. Rd8 h4 42. Bf4+ Kf5 43. Rh8 hxg3 44. hxg3 Rxa3 45. Rh7 Ke6 46. Rg7 Kf5 47. Rh7 Ke4 48. Re7+ Kd4 49. Bd6 Ra2+ 50. Ke1 Kc4 51. Bc5 Ra3 52. Re3 Rxe3+ 53. Bxe3 Kxb4 54. Kd2 Kb3 55. Kc1 b4 56. Bd4 f5 57. Be5 Be4 58. Bd4 Ka2 59.
Be5 b3 60. Bd4 f4 61. gxf4 g3 0-1

[Event "Early-Titled-Tuesday-Blitz-February-06-2024"]
[Site "Chess.com"]
[Date "2024.02.06"]
[Round "2"]
[White "RobertoJBM"]
[Black "YouJustFoundYourGodfather"]
[Result "1-0"]
[WhiteElo "2812"]
[BlackElo "2565"]
[TimeControl "180+1"]
[EndTime "8:18:03 PST"]
[Termination "RobertoJBM won by resignation"]

1. d4 e6 2. Nf3 b6 3. e3 Bb7 4. Bd3 Nf6 5. O-O c5 6. Qe2 Nc6 7. c3 d5 8. Nbd2 Be7 9. dxc5 bxc5 10. e4 c4 11. Bc2 O-O 12. Rd1 Qc7 13. exd5 exd5 14.
Nf1 Rfe8 15. Be3 Rad8 16. Nd4 Bc5 17. Qf3 Ne5 18. Qg3 Qb6 19. Nf5 Ng6 20. Bxc5 Qxc5 21. Nd4 Qb6 22. Rab1 Bc8 23. Ne3 Ne4 24. Bxe4 Rxe4 25.
h3 Nf4 26. Rd2 Bb7 27. Nef5 Qf6 28. f3 Nh5 29. Qc7 Ree8 30. Qxb7 Qg5 31. Rbd1 Nf4 32. Kh2 Nd3 33. Qc7 g6 34. Qg3 Qf6 35. Nh6+ Kg7 36.
Ng4 Qg5 37. Nf2 Qxg3+ 38. Kxg3 Nc5 39. Kh2 f5 40. Kg1 Kf6 41. Kf1 Rb8 42. Re1 Red8 43.
Ree2 Rb5 44. Nxb5 1-0

[Event "Early-Titled-Tuesday-Blitz-February-06-2024"]
[Site "Chess.com"]
[Date "2024.02.06"]
[Round "2"]
[White "LornerAcosta"]
[Black "mertfelin"]
[Result "1-0"]
[WhiteElo "2499"]
[BlackElo "2272"]
[TimeControl "180+1"]
[EndTime "8:18:04 PST"]
[Termination "LornerAcosta won by resignation"]

1. Nf3 d5 2. e3 e6 3. c4 Nf6 4. b3 Be7 5. Bb2 O-O 6. Be2 b6 7. O-O Bb7 8. d4 Ne4 9. Nc3 Bb4 10. Qc2 Nd7 11. Rac1 c5 12. cxd5 exd5 13. dxc5 Ndxc5 14. Nb5 a6 15. Nbd4 Rc8 16. Nf5 Ne6 17. Qd3 b5 18. Rxc8 Qxc8 19. Rc1 Qd8 20. N3d4 N4c5 21. Qd1 Ba5 22.
Nf3 Ne4 23. a3 Bb6 24. N3d4 N4c5 25. Bf3 Nxd4 26. Nxd4 Nd7 27. Nf5 Nf6 28. h3 Qd7 29.
Qd3 Ne4 30. Nd4 Re8 31. Ne2 h6 32. Nd4 Nd6 33. Rc2 Rc8 34. Rxc8+ Qxc8 35. Qd2 Qc5 36. Qd3 Ne8 37. Nf5 f6 38. Bg4 Nd6 39. Ne7+ Kf7 40. Ng6 Ne4 41. Bh5 Kg8 42. Nf4 Ng5 43. Bg4 Bc8 44. Bd4 Qc1+ 45. Kh2 Bxg4 46. hxg4 Qd1 47. Qxd1 1-0

[Event "Early-Titled-Tuesday-Blitz-February-06-2024"]
[Site "Chess.com"]
[Date "2024.02.06"]
[Round "2"]
[White "Rurep26"]
[Black "OneTrickPony_82"]
[Result "1-0"]
[WhiteElo "2767"]
[BlackElo "2545"]
[TimeControl "180+1"]
[EndTime "8:18:05 PST"]
[Termination "Rurep26 won by resignation"]

1. d4 Nf6 2. Bf4 d5 3. e3 c5 4.
Nd2 Nc6 5. c3 Bf5 6. Qb3 Qd7 7.
Ngf3 c4 8. Qd1 e6 9. Be2 Bd6 10.
O-O O-O 11. b3 b5 12. a4 a6 13. Bxd6 Qxd6 14. axb5 axb5 15. b4 h6 16. h3 Bh7 17.
Qc1 Nd7 18. Bd1 Nb6 19. Bc2 Rxa1 20.
Bxh7+ Kxh7 21. Qxa1 Na4 22. e4 Qf4 23. Re1 Ra8 24.
Qc1 g6 25. g3 Qf6 26. Kg2 Kg7 27. Nf1 dxe4 28. Rxe4 Ne7 29. Ne5 Nd5 30. h4 Naxc3 31.
Ng4 Qf5 32. Qxh6+ Kg8 33. Re5 Qxg4 34. Nh2 Qxd4 35. Nf3 Qb6 36. Ng5 Nf6 37. Rxe6 Qb7+ 38. f3 fxe6 39. Nxe6 Ra2+ 40. Kh3 Qf7 41. Qe3 Ncd5 42.
Qe5 Ra6 43. Qb8+ Kh7 44. Ng5+ Kg7 45. Nxf7 Kxf7 46. Qb7+ Ke6 47. Qxa6+ Ke5 48. Qxb5 Kd4 49. Qc5+ Kd3 50. b5 c3 51. b6 Nxb6 52. Qxb6 Nd5 53.
Qb5+ Kd4 54. Qe2 1-0

[Event "Early-Titled-Tuesday-Blitz-February-06-2024"]
[Site "Chess.com"]
[Date "2024.02.06"]
[Round "2"]
[White "LeoLV10"]
[Black "Louis-Paulsen-Fan"]
[Result "1-0"]
[WhiteElo "2502"]
[BlackElo "2280"]
[TimeControl "180+1"]
[EndTime "8:18:06 PST"]
[Termination "LeoLV10 won on time"]

1. e4 Nf6 2. e5 Nd5 3. c4 Nb6 4. d4 d6 5. exd6 cxd6 6. Nc3 g6 7. Be3 Bg7 8. Rc1 O-O 9. Be2 d5 10. c5 Nc4 11. Bxc4 dxc4 12. Nge2 Bf5 13. O-O Nc6 14. b3 cxb3 15. axb3 e5 16. d5 Nb4 17. Ng3 Bd3 18. Re1 e4 19. d6 Bxc3 20. Rxc3 Nd5 21. Bd4 Nxc3 22. Bxc3 Rc8 23. Bd4 b6 24. b4 a5 25.
bxa5 bxc5 26. Be5 c4 27. Qa1 f6 28. Bf4 c3 29. Nxe4 Bxe4 30. Rxe4 c2 31. Re1 Re8 32. Rc1 g5 33. Bg3 Re6 34. Qa2 Qd7 35. h3 Kg7 36. Rxc2 Rxc2 37. Qxc2 f5 38. Qc3+ Kg6 39. Be5 Qb5 40.
f4 gxf4 41. Bxf4 Qd5 42. Qg3+ Kf7 43. Kh2 Rg6 44. Qf2 Qxa5 45. d7 Qd5 46. Bg3 1-0

[Event "Early-Titled-Tuesday-Blitz-February-06-2024"]
[Site "Chess.com"]
[Date "2024.02.06"]
[Round "2"]
[White "noblerone"]
[Black "BelaKis"]
[Result "0-1"]
[WhiteElo "2456"]
[BlackElo "2250"]
[TimeControl "180+1"]
[EndTime "8:18:06 PST"]
[Termination "BelaKis won on time"]

1. d4 Nf6 2. Nf3 g6 3. c4 Bg7 4. Nc3 d6 5. Bg5 O-O 6. e3 Nbd7 7. Be2 a6 8. O-O c5 9. Rb1 b6 10. a3 Bb7 11. b4 Ne4 12. Nxe4 Bxe4 13. Bd3 Bxf3 14. Qxf3 cxd4 15. exd4 Bxd4 16. Qb7 a5 17. Be4 Rb8 18. Qa7 Bf6 19. Bh6 Bg7 20. Bxg7 Kxg7 21.
Rfd1 Nf6 22. Bf3 Qd7 23. Qa6 Qa4 24. Ra1 Rfc8 25. Rdc1 Qb3 26. bxa5 bxa5 27. h3 a4 28. Qa5 Rc5 29. Qe1 Rbc8 30. Qxe7 Rxc4 31. Rxc4 Rxc4 32.
Qxd6 Qb2 33. Qd1 Rc2 34. Rb1 Qa2 35. Ra1 Qb2 36. Qe1 h5 37. h4 Rc3 38. Kh1 Rxa3 39. Rb1 Qc3 40. Qd1 Ra2 41. Kg1 Qd2 42. Qf1 a3 43. Rd1 Qa5 44. Rb1 Rb2 45. Ra1 a2 46. Qc1 Qb4 47. Kh2 Qxh4+ 48. Kg1 Qb4 49. Kh2 h4 50.
Kh3 Qb3 51. Kh2 h3 52. Kxh3 Rc2 0-1

[Event "Early-Titled-Tuesday-Blitz-February-06-2024"]
[Site "Chess.com"]
[Date "2024.02.06"]
[Round "2"]
[White "pfalcon1949"]
[Black "BJthechessgod"]
[Result "0-1"]
[WhiteElo "1943"]
[BlackElo "2408"]
[TimeControl "180+1"]
[EndTime "8:18:07 PST"]
[Termination "BJthechessgod won by checkmate"]

1. e4 c5 2. Nf3 e6 3. d4 cxd4 4.
Nxd4 Nc6 5. Nc3 Qc7 6. a3 a6 7. Be3 b5 8. Qf3 Bb7 9. Bd3 Nf6 10. O-O Ne5 11. Qg3 d6 12. Rae1 h5 13. f4 Neg4 14. h3 h4 15. Qf3 Nxe3 16. Qxe3 Nh5 17. Nd5 exd5 18. exd5+ Be7 19. Nf5 Bxd5 20. Nxe7 Be6 21. Nd5 Qb7 22. Nb6 Rb8 23. f5 Qxb6 24. fxe6 f6 25.
Bg6+ Ke7 26. Qxb6 Rxb6 27. Bxh5 Rxh5 28. Rf2 Re5 29. Rfe2 d5 30. Rxe5 fxe5 31. Rxe5 Rxe6 32. Rxd5 Re1+ 33. Kh2 Re2 34. Rc5 Kd6 35. Rc3 Kd5 36.
Kg1 Rd2 37. Kf1 Ke4 38. Rc6 Ke3 39. Re6+ Kf4 40. Rc6 Kg3 41. Rc3+ Kh2 42. Rc6 Rxg2 43. Rxa6 Rxc2 44. b4 g5 45. a4 bxa4 46. Rxa4 Kxh3 47. b5 g4 48. Rb4 g3 49. Rb3 Kh2 50. b6 g2+ 51. Ke1 g1=Q# 0-1

[Event "Early-Titled-Tuesday-Blitz-February-06-2024"]
[Site "Chess.com"]
[Date "2024.02.06"]
[Round "2"]
[White "Hasangatin_Ramil"]
[Black "Jospem"]
[Result "0-1"]
[WhiteElo "2663"]
[BlackElo "3058"]
[TimeControl "180+1"]
[EndTime "8:18:08 PST"]
[Termination "Jospem won on time"]

1. e4 c5 2. Nf3 d6 3. d4 cxd4 4. Qxd4 a6 5. Be3 Nf6 6. Nc3 Nc6 7.
Qb6 Qxb6 8. Bxb6 Bg4 9. Nd2 Be6 10. O-O-O Rc8 11. Bc4 g6 12. Bxe6 fxe6 13. f3 Bg7 14. Kb1 Kf7 15. Be3 b5 16. Nb3 Ne5 17.
Bd4 Nc4 18. Nd2 Nd7 19. Bxg7 Kxg7 20. Nxc4 Rxc4 21. Ne2 Rhc8 22. c3 Kf7 23. Rd2 a5 24. Rhd1 Rb8 25. Rd4 Rc5 26. Nc1 Rc7 27. R4d2 Ne5 28.
Re2 Nc4 29. Nb3 b4 30. cxb4 Rxb4 31. Ka1 a4 32. Nd4 a3 33. b3 Nb2 34. Rxb2 axb2+ 35. Kxb2 Rb6 36. a3 e5 37. Ne2 e6 38. b4 Ke7 39.
Kb3 Rbc6 40. Rd2 Rc8 41. b5 Rc5 42. a4 d5 43. Rd3 d4 44. Kb4 Rc2 45. Ng3 h5 46.
Nf1 Rb2+ 47. Ka3 Rxg2 48. Nd2 Rxh2 49. b6 Rh1 50. b7 Rb8 51. Rb3 h4 52. a5 Ra1+ 53. Kb4 Rxb7+ 0-1

[Event "Early-Titled-Tuesday-Blitz-February-06-2024"]
[Site "Chess.com"]
[Date "2024.02.06"]
[Round "2"]
[White "Chernobay_Artem"]
[Black "artooon"]
[Result "0-1"]
[WhiteElo "2654"]
[BlackElo "3053"]
[TimeControl "180+1"]
[EndTime "8:18:08 PST"]
[Termination "artooon won on time"]

1. d4 Nf6 2. c4 e6 3. Nf3 d5 4. g3 dxc4 5. Bg2 Bb4+ 6. Nbd2 O-O 7. O-O b5 8. a4 c6 9. Qc2 Bb7 10. b3 cxb3 11. Nxb3 Nbd7 12. e4 bxa4 13. Rxa4 c5 14.
e5 Bxf3 15. Bxf3 Nd5 16. dxc5 Nxe5 17. Be4 f5 18. Bg2 a5 19. Bb2 Nc6 20. Qc4 Qd7 21. Rd1 Rad8 22. Raa1 Kh8 23. h4 Qf7 24. Nd4 Ne5 25. Qe2 Bc3 26. Bxc3 Nxc3 27. Qxe5 Nxd1 28. Rxd1 f4 29. c6 fxg3 30. fxg3 a4 31. c7 Rd7 32.
Rc1 Rc8 33. Nxe6 Re7 34. Ng5 Qe8 35. Qf5 g6 36. Qf6+ Rg7 37. Bd5 Qe3+ 38. Kh2 Qd2+ 39. Kh3 Qxd5 40. Nf7+ Qxf7 0-1

[Event "Early-Titled-Tuesday-Blitz-February-06-2024"]
[Site "Chess.com"]
[Date "2024.02.06"]
[Round "2"]
[White "Vaibhavraut99"]
[Black "DrCeltic"]
[Result "0-1"]
[WhiteElo "2720"]
[BlackElo "2540"]
[TimeControl "180+1"]
[EndTime "8:18:08 PST"]
[Termination "DrCeltic won by resignation"]

1. e4 c5 2. Nf3 e6 3. b3 b6 4.
Bb2 Bb7 5. Nc3 Nf6 6. e5 Nd5 7. Nxd5 Bxd5 8. Be2 Be7 9. O-O O-O 10. c4 Bb7 11. d4 cxd4 12. Qxd4 Nc6 13. Qe3 f5 14.
exf6 Bxf6 15. Bxf6 Qxf6 16. Rad1 Rad8 17. Rd6 Ne7 18. Qd2 Bc6 19. Nd4 Nf5 20. Nxc6 dxc6 21.
Rd3 Nd4 22. Bg4 c5 23. Qe3 Qg6 24. Qg3 e5 25. Re3 Rf4 26. Bh3 Qf6 27. Bg4 g6 28. h3 Rf8 29. Bd1 Nf5 30. Qxf4 exf4 31. Rd3 Nd4 32. Bg4 h5 33. Bd1 f3 34. g3 Qf5 35.
Re3 Qxh3 36. Bxf3 Nxf3+ 37. Rxf3 Rxf3 38. Re1 h4 0-1

[Event "Early-Titled-Tuesday-Blitz-February-06-2024"]
[Site "Chess.com"]
[Date "2024.02.06"]
[Round "2"]
[White "lilleper1"]
[Black "wadsy27"]
[Result "1-0"]
[WhiteElo "2921"]
[BlackElo "2615"]
[TimeControl "180+1"]
[EndTime "8:18:09 PST"]
[Termination "lilleper1 won by resignation"]

1. e4 e6 2. d4 d5 3. Nd2 Nf6 4. e5 Nfd7 5. Bd3 c5 6. c3 Nc6 7. Ne2 cxd4 8. cxd4 f6 9. exf6 Nxf6 10. Nf3 Bd6 11. O-O O-O 12. Bf4 Bxf4 13. Nxf4 Ne4 14. Qc1 Bd7 15. Qe3 Qf6 16. Nh5 Qf7 17. Ng3 Nxg3 18.
fxg3 Qe7 19. Rf2 Rf6 20. Raf1 Raf8 21. Bb1 Qb4 22. a3 Qb6 23. Qd3 g6 24. Qe3 Kg7 25. h4 Qc7 26. Kh2 Ne7 27. Ne5 Nf5 28. Bxf5 exf5 29.
g4 Qd6 30. Qg5 h6 31. Qf4 fxg4 32. Qxf6+ Rxf6 33. Rxf6 Qxf6 34. Rxf6 Kxf6 35. Nxd7+ Kf5 36. Kg3 Ke4 37. Nc5+ Kxd4 38. Nxb7 Ke3 39. Kxg4 d4 40.
Nc5 d3 41. Nxd3 Kxd3 42. h5 gxh5+ 43. Kxh5 Kc2 44. Kxh6 Kxb2 45. g4 Kxa3 46. g5 a5 47. g6 a4 48. g7 Kb2 49. g8=Q a3 50. Qg7+ Kb1 51. Qg6+ Kb2 52. Qf6+ Kb1 53. Qf5+ Kb2 54. Qe5+ Kb1 55. Qe4+ Kb2 56. Qd4+ Kb1 57. Qd3+ Kb2 58.
Qd2+ Kb1 59. Qb4+ Ka2 60. Qc3 1-0

[Event "Early-Titled-Tuesday-Blitz-February-06-2024"]
[Site "Chess.com"]
[Date "2024.02.06"]
[Round "2"]
[White "bylavochka"]
[Black "Ruchess27"]
[Result "1-0"]
[WhiteElo "2275"]
[BlackElo "2449"]
[TimeControl "180+1"]
[EndTime "8:18:09 PST"]
[Termination "bylavochka won by resignation"]

1. e4 e5 2. Nf3 Nc6 3. Bb5 a6 4. Ba4 Nf6 5. O-O Be7 6. d3 d6 7. c3 O-O 8. h3 b5 9. Bc2 Bb7 10. Re1 Re8 11. Nbd2 Bf8 12. Nf1 g6 13. Ng3 a5 14.
Nh2 h5 15. Bg5 Bg7 16. Qf3 b4 17. Nhf1 a4 18. Ne3 a3 19. Nd5 Re6 20. bxa3 bxc3 21. Bb3 Nd4 22. Qd1 Rxa3 23. Nxc3 Re8 24. Nge2 Nxb3 25.
axb3 Qa8 26. Nb5 Rxa1 27. Qxa1 Rc8 28. Qxa8 Bxa8 29. Bxf6 Bxf6 30. Rc1 Bg5 31. Rxc7 Rxc7 32. Nxc7 Bc6 33. Nc3 Kf8 34. N3d5 Bd8 35. Kf1 Bb7 36.
Ke2 f6 37. Ke3 Kf7 38. f4 Bxd5 39. Nxd5 Ba5 40. b4 Bd8 41. b5 Ba5 42. b6 exf4+ 43. Kxf4 Ke6 44. b7 g5+ 45. Kf3 1-0

[Event "Early-Titled-Tuesday-Blitz-February-06-2024"]
[Site "Chess.com"]
[Date "2024.02.06"]
[Round "2"]
[White "forevery0ung"]
[Black "DishonorOnYourCow"]
[Result "0-1"]
[WhiteElo "2759"]
[BlackElo "2566"]
[TimeControl "180+1"]
[EndTime "8:18:10 PST"]
[Termination "DishonorOnYourCow won on time"]

1. Nf3 d5 2. d4 Nf6 3. Bf4 g6 4. e3 Bg7 5. h3 O-O 6. c4 c5 7.
Nc3 cxd4 8. Nxd4 Nc6 9. Nxc6 bxc6 10. Be2 Bf5 11. O-O Qb6 12. Na4 Qa5 13. Be5 Rfd8 14. Bc3 Qc7 15. Qc1 e5 16. Rd1 Ne4 17. Be1 d4 18. f3 Nf6 19. e4 Bc8 20. Nc5 Nd7 21. Nd3 c5 22. Bh4 Re8 23. b4 Bf8 24.
b5 Nb6 25. a4 Be6 26. Nb2 Nc8 27. a5 Nd6 28. Bf6 Bg7 29. Qg5 h6 30. Qxe5 Bxc4 31.
Nxc4 Rxe5 32. Bxe5 Bxe5 33. Nxe5 Nxb5 34. Nxf7 Nc3 35. Bc4 Nxd1 36. Rxd1 Kg7 37. e5 Qxa5 38. Rb1 d3 39. Nd6 d2 40. Rb7+ Kf8 41. Rf7+ Kg8 42. Re7+ Kh8 43. Nf7+ Kg7 44. Ng5+ Kf8 45. Rf7+ Ke8 46.
Ne4 d1=Q+ 47. Kh2 Qc1 48. Nf6+ Kd8 49. Rd7+ Kc8 50. Rf7 Qf4+ 0-1